AoeStats
← Jongboog

Black Forest

509599459Analyzed
4v4 RM · 6d ago on Sep 27, 2026· 65m 56s· 8 players
Game mode
Random Map
Map size
Large (8 player)
Population
200
Speed
Normal
Resources
Standard
Victory
Conquest
Starting age
Dark Age
Ending age
Imperial Age
RankedLock teamsTeams togetherTeam positionsShared explorationLock speedFull tech treeHidden civsTurbo modeCheats
Victory
Defeat
🇩🇪 Teutons · Germany
1195
+16
🇿🇦 Hindustanis · South Africa
1183
+16
🇨🇿 Khmer · Czechia
1149
+17
🇪🇪 Slavs · Estonia
1135
+18
🇬🇧 Persians · United Kingdom
1219
-18
🇹🇼 Dravidians · Taiwan
1195
-17
🇿🇦 Celts · South Africa
1188
-17
🇹🇼 Goths · Taiwan
1137
-15
DESTINNI
3:29 Loom
9:07 Feudal Age
10:17 Double-Bit Axe
11:14 Horse Collar
17:41 Castle Age
18:45 Heavy Plow
18:44 Gold Mining
20:48 Bow Saw
24:35 Wheelbarrow
26:39 Imperial Age
26:00 Wheelbarrow
25:14 Town Watch
28:30 Crop Rotation
27:51 Stone Mining
29:31 Bloodlines
29:30 Husbandry
28:50 Light Cavalry
29:57 Scale Barding Armor
30:03 Forging
30:39 Conscription
31:42 Hand Cart
32:04 Chain Barding Armor
32:19 Iron Casting
31:22 Hussar
32:33 Masonry
33:24 Heavy Scorpion
34:40 Plate Barding Armor
35:06 Blast Furnace
34:23 Scale Mail Armor
34:34 Caravan
33:56 Elite Battle Elephant
35:02 Pikeman
35:27 Arson
38:16 Architecture
37:56 Fletching
37:29 Halberdier
39:41 Chemistry
39:01 Murder Holes
39:56 Siege Engineers
40:09 Chain Mail Armor
39:50 Bodkin Arrow
40:37 Gold Shaft Mining
40:38 Stone Shaft Mining
40:40 Tusk Swords
41:53 Double Crossbow
41:54 Bracer
42:18 Padded Archer Armor
42:31 Fortified Wall
44:30 Hoardings
43:58 Onager
53:24 Ballistics
53:20 Leather Archer Armor
Uhtred
8:39 Loom
9:04 Loom
11:17 Feudal Age
18:01 Castle Age
17:23 Double-Bit Axe
17:55 Horse Collar
19:39 Heavy Plow
21:20 Wheelbarrow
21:00 Bow Saw
24:42 Town Watch
26:54 Hand Cart
30:51 Imperial Age
29:44 Fletching
29:55 Padded Archer Armor
30:28 Bodkin Arrow
31:35 Ballistics
32:08 Leather Archer Armor
32:59 Chemistry
32:35 Shatagni
33:12 Bracer
33:43 Ring Archer Armor
33:26 Thumb Ring
33:51 Conscription
34:28 Forging
34:24 Scale Barding Armor
35:22 Husbandry
35:33 Bloodlines
36:14 Heavy Camel Rider
43:24 Two-Man Saw
43:09 Chain Barding Armor
45:58 Iron Casting
45:59 Plate Barding Armor
45:13 Light Cavalry
45:18 Imperial Camel Rider
47:21 Hussar
52:56 Blast Furnace
53:58 Coinage
56:38 Banking
57:52 Caravan
Chloroxid
1:52 Loom
10:59 Feudal Age
15:50 Castle Age
14:37 Double-Bit Axe
14:33 Horse Collar
15:29 Stone Mining
23:04 Wheelbarrow
24:23 Gold Mining
29:29 Imperial Age
27:20 Bow Saw
27:27 Scale Mail Armor
27:56 Fortified Wall
28:01 Masonry
28:46 Hand Cart
28:48 Chain Mail Armor
28:43 Forging
28:49 Forging
29:21 Caravan
30:13 Redemption
30:27 Onager
32:05 Plate Mail Armor
32:22 Iron Casting
32:06 Town Watch
31:56 Elite Teutonic Knight
33:50 Conscription
33:47 Siege Onager
35:26 Fletching
36:36 Blast Furnace
36:57 Two-Man Saw
44:04 Chemistry
44:13 Hoardings
44:05 Scale Barding Armor
44:33 Siege Engineers
44:37 Capped Ram
46:39 Pikeman
47:20 Squires
48:26 Chain Barding Armor
50:12 Bloodlines
55:33 Halberdier
61:16 Arson
Luni
8:19 Loom
13:10 Feudal Age
17:42 Castle Age
16:29 Double-Bit Axe
16:31 Horse Collar
19:09 Bow Saw
19:32 Heavy Plow
24:21 Wheelbarrow
26:05 Hand Cart
25:35 Town Watch
26:44 Gold Mining
26:45 Stone Mining
30:44 Imperial Age
29:09 Forging
29:51 Scale Barding Armor
31:02 Iron Casting
30:36 Detinets
31:14 Chain Barding Armor
32:06 Bloodlines
31:57 Husbandry
31:19 Light Cavalry
33:09 Blast Furnace
33:23 Chemistry
32:45 Ballistics
32:28 Caravan
33:09 Conscription
34:02 Plate Barding Armor
33:00 Elite Boyar
35:02 Murder Holes
35:00 Fletching
35:57 Elite Skirmisher
36:37 Bodkin Arrow
36:43 Padded Archer Armor
38:39 Leather Archer Armor
39:09 Crop Rotation
39:13 Coinage
40:50 Ring Archer Armor
40:39 Siege Engineers
41:26 Banking
44:29 Gold Shaft Mining
45:01 Two-Man Saw
44:11 Scale Mail Armor
46:19 Masonry
46:00 Guard Tower
46:10 Herbal Medicine
57:27 Hoardings
58:39 Crossbowman
bimurock
0:41 Loom
12:38 Feudal Age
13:12 Double-Bit Axe
14:04 Wheelbarrow
14:06 Horse Collar
16:08 Fletching
21:51 Castle Age
20:04 Gold Mining
20:16 Stone Mining
20:46 Scale Mail Armor
22:53 Bow Saw
23:26 Stone Shaft Mining
23:19 Hand Cart
23:20 Treadmill Crane
23:37 Murder Holes
25:59 Anarchy
26:15 Heavy Plow
28:16 Bodkin Arrow
31:57 Imperial Age
30:33 Squires
31:41 Forging
31:47 Chain Mail Armor
31:08 Pikeman
32:54 Ballistics
32:04 Halberdier
34:03 Conscription
35:10 Chemistry
34:46 Bracer
34:49 Padded Archer Armor
37:30 Perfusion
38:12 Iron Casting
39:17 Two-Man Saw
38:53 Anarchy
39:19 Leather Archer Armor
41:38 Blast Furnace
41:09 Ring Archer Armor
41:23 Man-at-Arms
42:56 Crop Rotation
43:19 Masonry
45:18 Elite Huskarl
46:06 Capped Ram
47:55 Architecture
55:07 Town Watch
mydogqmi
8:33 Loom
11:09 Feudal Age
15:56 Castle Age
14:06 Double-Bit Axe
14:50 Horse Collar
17:44 Bow Saw
22:23 Wheelbarrow
22:33 Heavy Plow
25:03 Hand Cart
25:19 Fletching
25:30 Padded Archer Armor
25:43 Gold Mining
25:43 Stone Mining
30:11 Imperial Age
28:27 Bodkin Arrow
30:24 Ballistics
30:48 Thumb Ring
31:19 Leather Archer Armor
30:47 Elite Elephant Archer
33:38 Two-Man Saw
33:15 Medical Corps
33:31 Conscription
33:43 Bracer
34:14 Ring Archer Armor
33:38 Town Watch
35:24 Chemistry
34:20 Murder Holes
36:07 Husbandry
37:43 Hoardings
40:18 Town Patrol
40:35 Caravan
40:56 Guilds
41:49 Forging
41:44 Scale Barding Armor
46:39 Arrowslits
47:06 Masonry
47:00 Onager
49:28 Scale Mail Armor
49:03 Pikeman
49:43 Squires
49:29 Gambesons
50:00 Halberdier
52:18 Chain Mail Armor
52:52 Iron Casting
54:08 Wootz Steel
24601
12:59 Feudal Age
11:45 Loom
13:53 Double-Bit Axe
13:54 Horse Collar
17:22 Castle Age
17:09 Wheelbarrow
18:50 Bow Saw
20:01 Heavy Plow
23:27 Stone Mining
23:46 Gold Mining
24:44 Hand Cart
28:46 Scale Barding Armor
28:51 Forging
29:56 Chain Barding Armor
32:09 Imperial Age
32:24 Iron Casting
34:03 Plate Barding Armor
34:29 Blast Furnace
33:54 Conscription
34:36 Elite War Elephant
37:24 Bloodlines
37:14 Husbandry
41:26 Two-Man Saw
46:00 Caravan
47:28 Hoardings
47:18 Masonry
62:30 Architecture
62:22 Ballistics
63:02 Chemistry
61:55 Fletching
62:19 Citadels
Jongboog
0:31 Loom
10:53 Feudal Age
11:23 Double-Bit Axe
15:50 Wheelbarrow
21:10 Castle Age
19:14 Gold Mining
20:49 Horse Collar
26:03 Imperial Age
23:31 Stone Mining
23:56 Heavy Plow
25:20 Bow Saw
26:23 Onager
30:52 Siege Engineers
33:53 Murder Holes
33:52 Fletching
34:03 Padded Archer Armor
34:45 Bodkin Arrow
35:02 Forging
34:52 Scale Mail Armor
36:48 Pikeman
41:29 Chain Mail Armor
45:06 Plate Mail Armor
45:11 Iron Casting
45:09 Conscription
44:20 Heavy Scorpion
48:16 Chemistry
50:18 Furor Celtica
51:16 Ballistics
Connection lost

Rejoining the realm…

Still unreachable

The connection could not be restored.

Session expired

The server has moved on; the page needs a fresh start.